 Dungeon Crawl Stone Soup version 0.29.1-15-g9cfb28693d (webtiles) character file.

Game seed: 8728186118291645612

27 Hugehornet the Insei (level 3, 0/23 HPs)
             Began as an Octopode Transmuter on Mar 30, 2023.
             Slain by Terence
             ... wielding a +0 mace
              (9 damage)
             ... on level 2 of the Dungeon.
             The game lasted 00:01:39 (1380 turns).

Hugehornet the Insei (Octopode Transmuter)          Turns: 1380, Time: 00:01:40

Health: 0/23       AC:  1    Str:  9    XL:     3   Next: 10%
Magic:  5/6        EV: 13    Int: 17    God:
Gold:   62         SH:  0    Dex: 12    Spells: 5/6 levels left

rFire   . . .      SeeInvis .     - Unarmed
rCold   . . .      Faith    .   (no shield)
rNeg    . . .      Spirit   .   (helmet currently unavailable)
rPois   .          Reflect  .   (no amulet)
rElec   .          Harm     .   (no ring)
rCorr   .          Rampage  .   (no ring)
Will    .....                   (no ring)
Stlth   ++........              (no ring)
HPRegen 0.07/turn               (no ring)
MPRegen 0.10/turn               (no ring)
                                (no ring)
                                (no ring)

@: appendages
A: tentacle spike 3, almost no armour, amphibious, 8 rings, camouflage 1,
gelatinous body 1, (nimble swimmer 1), tentacles
a: End Transformation


You were on level 2 of the Dungeon.
One of your tentacles had grown a beastly spike.
You visited 1 branch of the dungeon, and saw 2 of its levels.

You collected 62 gold pieces.

Inventory:

Scrolls
 d - a scroll of brand weapon {unknown}
 e - a scroll of enchant armour {unknown}
 i - a scroll of fear {unknown}
Potions
 a - a potion of lignification
 b - a potion of ambrosia {unknown}
 c - a potion of attraction {unknown}
 f - 2 potions of curing {unknown}
 g - a potion of haste {unknown}
 h - a potion of heal wounds {unknown}


   Skills:
 - Level 1.0 Fighting
 - Level 2.0 Dodging
 + Level 4.2 Unarmed Combat
 - Level 2.0 Spellcasting
 - Level 2.0 Transmutations


You had 5 spell levels left.
You knew the following spells:

 Your Spells              Type           Power      Damage    Failure   Level
a - Beastly Appendage     Tmut           16%        N/A       9%          1

Your spell library contained the following spells:

 Spells                   Type           Power      Damage    Failure   Level
 Wereblood                Tmut           8%         N/A       13%         2
 Foxfire                  Conj/Fire      4%         2x1d4     19%         1
 Spider Form              Tmut/Pois      5%         N/A       36%         3
 Conjure Flame            Conj/Fire      1%         6-21      50%         3
 Gell's Gravitas          Tloc           1%         N/A       50%         3
 Inner Flame              Hex/Fire       1%         N/A       50%         3
 Lesser Beckoning         Tloc           1%         N/A       50%         3
 Teleport Other           Tloc           1%         N/A       50%         3
 Ice Form                 Ice/Tmut       5%         N/A       77%         4
 Flame Wave               Conj/Fire      1%         2d4       88%         4


Dungeon Overview and Level Annotations

Branches:
Dungeon (2/15)

Altars:

Annotations:
D:2 Terence


Innate Abilities, Weirdness & Mutations

One of your tentacles has grown a beastly spike.
You cannot wear most types of armour.
You are amphibious.
You can wear up to eight rings at the same time.
Your skin changes colour to match your surroundings (Stealth+).
Your rubbery body absorbs attacks. (AC +1, EV +1)
((You are camouflaged when in or above water. (Stealth+)))
You have tentacles for arms and can constrict up to eight enemies at once.


Message History

Found a stone staircase leading down.
A rat comes into view.
A rat is nearby!
Casting: Beastly Appendage (safe; 9% risk of failure)
Confirm with . or Enter, or press ? or * to list all spells.
One of your tentacles grows a vicious spike.
The rat misses you.
You tentacle-slap the rat.
You kill the rat!
No target in view!
No target in view!
Your transformation is almost over.
You now have 43 gold pieces (gained 15).
Your tentacle spike disappears.
There is a stone staircase leading down here.
You now have 62 gold pieces (gained 19).
Terence the Incautious comes into view.
He is wielding a +0 mace.
Terence is nearby!
Casting: Beastly Appendage (safe; 9% risk of failure)
Confirm with . or Enter, or press ? or * to list all spells.
One of your tentacles grows a vicious spike.
Terence asks, "Do you want it fast or slow?"
A ball python comes into view.
You tentacle-slap Terence but do no damage.
You grab Terence.
You constrict Terence, but do no damage.
Terence hits you with a +0 mace.
You bludgeon Terence!
Terence is moderately wounded.
You constrict Terence. Terence hits you with a +0 mace!
You are too injured to fight recklessly!
You are too injured to fight recklessly!
You are too injured to fight recklessly!
You tentacle-slap Terence but do no damage.
You pierce Terence.
You squeeze Terence, but do no damage.
Terence is heavily wounded.
You constrict Terence.
The ball python hisses angrily.
Terence hits you with a +0 mace!
You die...

############### #
#.............. ...
#.....>....###..S##
######....##....@@......
#...†........##.......##
#.#####.#.#..##.#####.#
#........##.#
#.###.#.#.......#
......#.#.....#.#
#.####........#.#
#..#.##.##.# #..#.##.#


You could see Terence and a ball python.

Vanquished Creatures
  An adder (D:2)
  2 endoplasms (D:1)
  3 goblins (D:1)
  A hobgoblin (D:2)
  4 ball pythons (D:1)
  3 bats (D:1)
  A frilled lizard (D:1)
  2 rats
17 creatures vanquished.

Notes
Turn   | Place    | Note
-------+----------+-------------------------------------------
     0 | D:1      | Hugehornet the Octopode Transmuter began the quest for the
                  | Orb.
     0 | D:1      | Reached XP level 1. HP: 13/13 MP: 3/3
    87 | D:1      | Found a faded altar of an unknown god.
   235 | D:1      | Reached XP level 2. HP: 17/18 MP: 3/5
  1025 | D:2      | Reached skill level 4 in Unarmed Combat
  1025 | D:2      | Reached XP level 3. HP: 10/23 MP: 4/6
  1374 | D:2      | Noticed Terence
  1380 | D:2      | Slain by Terence

Illustrated notes

Levels and vault maps discovered:
D:1:      dpeg_arrival_stone_temple_mockup, layout_basic,
          hellmonk_ecumenical_altar_arch_garden
D:2:      cheibrodos_greedy_goblins, layout_basic, basic_altar, uniq_terence

Skill      XL: |  1  2 |
---------------+-------+-----
Unarmed Combat | 4 |  4.2
Fighting       | |  1.0
Dodging        | |  2.0
Spellcasting   | |  2.0
Transmutations | |  2.0

Action                   || total
-------------------------++-------
Melee: Unarmed           ||    38
       Constrict         ||     7
       Kick              ||     9
       Tentacles         ||     4
 Cast: Beastly Appendage ||    15
 Stab: Sleeping          ||     6
Armor: Skin              ||     5
Dodge: Dodged            ||    19
